TOP OF THE 1ST |
Washington Nationals batting - Pitching for Toronto Blue Jays : LHP Clayton Kershaw
|
Pitching: LHP Clayton Kershaw
|
|
Batting: RHB Chris Taylor
|
0-0: Foul Ball, location: 2F 0-1: Called Strike 0-2: Strikes out swinging
|
Batting: LHB Andrew Benintendi
|
0-0: Called Strike 0-1: Ball 1-1: Ball 2-1: Swinging Strike 2-2: Foul Ball, location: 2F 2-2: Fly out, F7 (Flyball, 7LS)
|
Batting: RHB Marcell Ozuna
|
0-0: Called Strike 0-1: Called Strike 0-2: Ball 1-2: Ground out 6-3 (Groundball, 6)
|
Top of the 1st over - 0 runs, 0 hits, 0 errors, 0 left on base; Washington 0 - Toronto 0 |
BOTTOM OF THE 1ST |
Toronto Blue Jays batting - Pitching for Washington Nationals : RHP Shelby Miller
|
Pitching: RHP Shelby Miller
|
|
Batting: LHB Dee Gordon
|
0-0: Ground out U3 (Groundball, 3S)
|
Batting: RHB Elvis Andrus
|
0-0: Swinging Strike 0-1: Swinging Strike 0-2: Ball 1-2: Strikes out looking
|
Batting: RHB Andrew McCutchen
|
0-0: Swinging Strike 0-1: Fly out, F8 (Flyball, 89S)
|
Bottom of the 1st over - 0 runs, 0 hits, 0 errors, 0 left on base; Washington 0 - Toronto 0 |
TOP OF THE 2ND |
Washington Nationals batting - Pitching for Toronto Blue Jays : LHP Clayton Kershaw
|
Batting: RHB Steve Pearce
|
0-0: Called Strike 0-1: Ball 1-1: Called Strike 1-2: Ground out 6-3 (Groundball, 6S)
|
Batting: SHB Aaron Hicks
|
0-0: Ball 1-0: Ball 2-0: Called Strike 2-1: Fly out, F5 (Popup, 5)
|
Batting: LHB Yonder Alonso
|
0-0: Ball 1-0: Ball 2-0: Ball 3-0: Called Strike 3-1: Ground out 4-3 (Groundball, 4)
|
Top of the 2nd over - 0 runs, 0 hits, 0 errors, 0 left on base; Washington 0 - Toronto 0 |
BOTTOM OF THE 2ND |
Toronto Blue Jays batting - Pitching for Washington Nationals : RHP Shelby Miller
|
Batting: SHB Josh Bell
|
0-0: Called Strike 0-1: Ball 1-1: Foul Ball, location: 2F 1-2: Ground out 5-3 (Groundball, 56)
|
Batting: LHB Carlos Gonzalez
|
0-0: Ball 1-0: SOLO HOME RUN (Flyball, 9LD), Distance : 341 ft
|
Batting: RHB Nicholas Castellanos
|
0-0: Fly out, F8 (Flyball, 8LXD)
|
Batting: RHB Jorge Soler
|
0-0: Called Strike 0-1: Called Strike 0-2: Ball 1-2: Strikes out looking
|
Bottom of the 2nd over - 1 run, 1 hit, 0 errors, 0 left on base; Washington 0 - Toronto 1 |
TOP OF THE 3RD |
Washington Nationals batting - Pitching for Toronto Blue Jays : LHP Clayton Kershaw
|
Batting: SHB Alen Hanson
|
0-0: Ball 1-0: Ball 2-0: Called Strike 2-1: Called Strike 2-2: Fly out, F9 (Flyball, 9LS)
|
Batting: RHB Sean Rodriguez
|
0-0: Called Strike 0-1: Ball 1-1: Ball 2-1: Foul Ball, location: 2F 2-2: Ball 3-2: Strikes out swinging, 2-3 out at first.
|
Batting: RHB Tom Murphy
|
0-0: Swinging Strike 0-1: Ball 1-1: Foul Ball, location: 2F 1-2: Foul Ball, location: 2F 1-2: Strikes out swinging
|
Top of the 3rd over - 0 runs, 0 hits, 0 errors, 0 left on base; Washington 0 - Toronto 1 |
BOTTOM OF THE 3RD |
Toronto Blue Jays batting - Pitching for Washington Nationals : RHP Shelby Miller
|
Batting: RHB Keon Broxton
|
0-0: Ball 1-0: Foul Ball, location: 2F 1-1: Ball 2-1: Foul Ball, location: 2F 2-2: Ground out 1-3 (Groundball, P)
|
Batting: RHB Austin Hedges
|
0-0: Foul Ball, location: 2F 0-1: Ball 1-1: Ball 2-1: Ball 3-1: Foul Ball, location: 2F 3-2: Strikes out swinging
|
Batting: LHB Dee Gordon
|
0-0: Foul Ball, location: 2F 0-1: Ball 1-1: Ball 2-1: Reached on error, E6 (Groundball, 6)
|
Batting: RHB Elvis Andrus
|
0-0: Fly out, F1 (Line Drive, P)
|
Bottom of the 3rd over - 0 runs, 0 hits, 1 error, 1 left on base; Washington 0 - Toronto 1 |
TOP OF THE 4TH |
Washington Nationals batting - Pitching for Toronto Blue Jays : LHP Clayton Kershaw
|
Batting: RHB Chris Taylor
|
0-0: Ball 1-0: Called Strike 1-1: Ground out U3 (Groundball, 3)
|
Batting: LHB Andrew Benintendi
|
0-0: Ball 1-0: Ball 2-0: Foul Ball, location: 2F 2-1: Foul Ball, location: 2F 2-2: Ball 3-2: Foul Ball, location: 2F 3-2: Ground out 6-3 (Groundball, 56)
|
Batting: RHB Marcell Ozuna
|
0-0: Ball 1-0: Ball 2-0: Called Strike 2-1: Ball 3-1: SOLO HOME RUN (Flyball, 7LD), Distance : 340 ft
|
Batting: RHB Steve Pearce
|
0-0: Called Strike 0-1: Foul Ball, location: 2F 0-2: Foul Ball, location: 2F 0-2: Ball 1-2: Ball 2-2: Strikes out swinging
|
Top of the 4th over - 1 run, 1 hit, 0 errors, 0 left on base; Washington 1 - Toronto 1 |
BOTTOM OF THE 4TH |
Toronto Blue Jays batting - Pitching for Washington Nationals : RHP Shelby Miller
|
Batting: RHB Andrew McCutchen
|
0-0: Swinging Strike 0-1: Swinging Strike 0-2: Ground out 6-3 (Groundball, 6)
|
Batting: SHB Josh Bell
|
0-0: Ball 1-0: Foul Ball, location: 2F 1-1: Ball 2-1: Fly out, F9 (Flyball, 9S)
|
Batting: LHB Carlos Gonzalez
|
0-0: Ball 1-0: Ball 2-0: Fly out, F2 (Popup, 13S)
|
Bottom of the 4th over - 0 runs, 0 hits, 0 errors, 0 left on base; Washington 1 - Toronto 1 |
TOP OF THE 5TH |
Washington Nationals batting - Pitching for Toronto Blue Jays : LHP Clayton Kershaw
|
Batting: SHB Aaron Hicks
|
0-0: Ball 1-0: SOLO HOME RUN (Flyball, 7LD), Distance : 337 ft
|
Batting: LHB Yonder Alonso
|
0-0: Called Strike 0-1: Foul Ball, location: 2F 0-2: Foul Ball, location: 2F 0-2: Fly out, F8 (Line Drive, 8RM)
|
Batting: SHB Alen Hanson
|
0-0: Ball 1-0: Called Strike 1-1: Ball 2-1: Ball 3-1: Ground out U3 (Groundball, 3)
|
Batting: RHB Sean Rodriguez
|
0-0: Fly out, F9 (Flyball, 9S)
|
Top of the 5th over - 1 run, 1 hit, 0 errors, 0 left on base; Washington 2 - Toronto 1 |
BOTTOM OF THE 5TH |
Toronto Blue Jays batting - Pitching for Washington Nationals : RHP Shelby Miller
|
Batting: RHB Nicholas Castellanos
|
0-0: Ball 1-0: Ball 2-0: DOUBLE (Line Drive, 78D)
|
Batting: RHB Jorge Soler
|
0-0: Foul Ball, location: 2F 0-1: Fly out, F9 (Flyball, 9)
|
Batting: RHB Keon Broxton
|
0-0: Called Strike 0-1: Called Strike 0-2: Strikes out looking
|
Batting: RHB Austin Hedges
|
0-0: Ball 1-0: Ground out 6-3 (Groundball, 6)
|
Bottom of the 5th over - 0 runs, 1 hit, 0 errors, 1 left on base; Washington 2 - Toronto 1 |
TOP OF THE 6TH |
Washington Nationals batting - Pitching for Toronto Blue Jays : LHP Clayton Kershaw
|
Batting: RHB Tom Murphy
|
0-0: Foul Ball, location: 2F 0-1: Foul Ball, location: 2F 0-2: Strikes out swinging
|
Batting: RHB Chris Taylor
|
0-0: Ball 1-0: Ball 2-0: Called Strike 2-1: Ball 3-1: Called Strike 3-2: Ground out U3 (Groundball, 3)
|
Batting: LHB Andrew Benintendi
|
0-0: Ground out 4-3 (Groundball, 4)
|
Top of the 6th over - 0 runs, 0 hits, 0 errors, 0 left on base; Washington 2 - Toronto 1 |
BOTTOM OF THE 6TH |
Toronto Blue Jays batting - Pitching for Washington Nationals : RHP Shelby Miller
|
Batting: LHB Dee Gordon
|
0-0: Fly out, F5 (Popup, 5F)
|
Batting: RHB Elvis Andrus
|
0-0: Called Strike 0-1: Ball 1-1: Ground out 5-3 (Groundball, 56S)
|
Batting: RHB Andrew McCutchen
|
0-0: Ball 1-0: Fly out, F9 (Flyball, 9)
|
Bottom of the 6th over - 0 runs, 0 hits, 0 errors, 0 left on base; Washington 2 - Toronto 1 |
TOP OF THE 7TH |
Washington Nationals batting - Pitching for Toronto Blue Jays : LHP Clayton Kershaw
|
Batting: RHB Marcell Ozuna
|
0-0: Called Strike 0-1: Ball 1-1: Fly out, F9 (Flyball, 9S)
|
Batting: RHB Steve Pearce
|
0-0: Ball 1-0: SINGLE (Line Drive, 7S)
|
Batting: SHB Aaron Hicks
|
0-0: Called Strike 0-1: Ball 1-1: Ball 2-1: Grounds into double play, 6-4-3 (Groundball, 6)
|
Top of the 7th over - 0 runs, 1 hit, 0 errors, 0 left on base; Washington 2 - Toronto 1 |
BOTTOM OF THE 7TH |
Toronto Blue Jays batting - Pitching for Washington Nationals : RHP Shelby Miller
|
Batting: SHB Josh Bell
|
0-0: Ball 1-0: Called Strike 1-1: Foul Ball, location: 2F 1-2: Strikes out looking
|
Batting: LHB Carlos Gonzalez
|
0-0: Foul Ball, location: 2F 0-1: Called Strike 0-2: Foul Ball, location: 2F 0-2: Foul Ball, location: 2F 0-2: Ball 1-2: Foul Ball, location: 2F 1-2: Foul Ball, location: 2F 1-2: Ball 2-2: DOUBLE (Line Drive, 89D)
|
Batting: RHB Nicholas Castellanos
|
0-0: Ball 1-0: Fly out, F3 (Popup, 23F)
|
Batting: RHB Jorge Soler
|
0-0: Ball 1-0: Called Strike 1-1: Ball 2-1: Ball 3-1: SINGLE (Groundball, 56D) Carlos Gonzalez to third Runner from 3rd tries for Home, SAFE, throw by LF to home
|
Batting: RHB Keon Broxton
|
0-0: Swinging Strike 0-1: Ball 1-1: Called Strike Jorge Soler steals 2nd base 1-2: Ball 2-2: SINGLE (Line Drive, 9S) Jorge Soler to third
|
Batting: RHB Austin Hedges
|
0-0: Ball 1-0: Foul Ball, location: 2F 1-1: Foul Ball, location: 2F 1-2: Ball 2-2: Ball Keon Broxton steals 2nd base 3-2: Foul Ball, location: 2F 3-2: Base on Balls
|
Batting: LHB Dee Gordon
|
0-0: Called Strike 0-1: Ball 1-1: Foul Ball, location: 2F 1-2: Strikes out swinging
|
Bottom of the 7th over - 1 run, 3 hits, 0 errors, 3 left on base; Washington 2 - Toronto 2 |
TOP OF THE 8TH |
Washington Nationals batting - Pitching for Toronto Blue Jays : LHP Clayton Kershaw
|
Batting: LHB Yonder Alonso
|
0-0: Foul Ball, location: 2F 0-1: Called Strike 0-2: Strikes out swinging
|
Batting: SHB Alen Hanson
|
0-0: Ball 1-0: Foul Ball, location: 2F 1-1: Foul Ball, location: 2F 1-2: Foul Ball, location: 2F 1-2: Strikes out looking
|
Batting: RHB Sean Rodriguez
|
0-0: Called Strike 0-1: Foul Ball, location: 2F 0-2: Strikes out swinging
|
Top of the 8th over - 0 runs, 0 hits, 0 errors, 0 left on base; Washington 2 - Toronto 2 |
BOTTOM OF THE 8TH |
Toronto Blue Jays batting - Pitching for Washington Nationals : RHP Shelby Miller
|
Pitching: RHP Dominic Leone
|
|
Batting: RHB Elvis Andrus
|
0-0: Ball 1-0: Fly out, F5 (Popup, 5F)
|
Batting: RHB Andrew McCutchen
|
0-0: Called Strike 0-1: Swinging Strike 0-2: Ground out 4-3 (Groundball, 4M)
|
Batting: SHB Josh Bell
|
0-0: Swinging Strike 0-1: Ball 1-1: Foul Ball, location: 2F 1-2: Ball 2-2: Foul Ball, location: 2F 2-2: Strikes out looking
|
Bottom of the 8th over - 0 runs, 0 hits, 0 errors, 0 left on base; Washington 2 - Toronto 2 |
TOP OF THE 9TH |
Washington Nationals batting - Pitching for Toronto Blue Jays : LHP Clayton Kershaw
|
Pitching: RHP Trevor Rosenthal
|
|
Pinch Hitting: RHB Yulieski Gurriel
|
0-0: Called Strike 0-1: Ball 1-1: Foul Ball, location: 2F 1-2: Ball 2-2: Ball 3-2: SOLO HOME RUN (Line Drive, 7LD), Distance : 349 ft
|
Batting: RHB Chris Taylor
|
0-0: Ball 1-0: Called Strike 1-1: Ball 2-1: Swinging Strike 2-2: Strikes out swinging
|
Batting: LHB Andrew Benintendi
|
0-0: Ball 1-0: Called Strike 1-1: Ground out 1-3 (Groundball, 13)
|
Batting: RHB Marcell Ozuna
|
0-0: Ball 1-0: Swinging Strike 1-1: Called Strike 1-2: Ball 2-2: Foul Ball, location: 2F 2-2: Strikes out swinging
|
Top of the 9th over - 1 run, 1 hit, 0 errors, 0 left on base; Washington 3 - Toronto 2 |
BOTTOM OF THE 9TH |
Toronto Blue Jays batting - Pitching for Washington Nationals : RHP Dominic Leone
|
Pitching: RHP Joakim Soria
|
|
Now at C: Tyler Flowers
|
|
Batting: LHB Carlos Gonzalez
|
0-0: Called Strike 0-1: Ball 1-1: Fly out, F6 (Line Drive, 4)
|
Batting: RHB Nicholas Castellanos
|
0-0: Ball 1-0: SINGLE (Line Drive, 7S)
|
Pinch Runner at 1st Billy Hamilton:
|
|
Batting: RHB Jorge Soler
|
Pickoff Throw to First - Out! 1-3 0-0: Ball 1-0: Called Strike 1-1: Swinging Strike 1-2: Strikes out looking
|
Bottom of the 9th over - 0 runs, 1 hit, 0 errors, 0 left on base; Washington 3 - Toronto 2 |
|